 Dungeon Crawl Stone Soup version 0.26-a0-651-gb41185065b (webtiles) character file.

Game seed: 12066262398363580685

(classic levelgen) 263363 EnegeticOcto the Severer (level 18, 171/171 HPs)
             Began as a Deep Dwarf Fighter on Oct 7, 2020.
             Was the Champion of Makhleb.
             Quit the game on level 5 of the Depths.
             The game lasted 00:19:25 (19430 turns).

EnegeticOcto the Severer (Deep Dwarf Fighter)      Turns: 19430, Time: 00:19:26

Health: 171/171    AC: 24    Str: 26    XL:     18   Next: 79%
Magic:  7/7        EV: 14    Int: 11    God:    Makhleb [******]
Gold:   1697       SH: 18    Dex: 12    Spells: 17/17 levels left

rFire    + . .     SeeInvis .   S - +6 broad axe (elec)
rCold    + . .     Faith    +   c - +4 kite shield
rNeg     + . .     Spirit   .   s - +2 chain mail {rF+}
rPois    .         Reflect  .   f - +0 helmet
rElec    .         Harm     .   B - scarf {repulsion}
rCorr    .         Rampage  .   h - +2 pair of gloves
MR       ++...                  G - +2 pair of boots
Stlth    ..........             k - amulet of faith
HPRegen  0.00/turn              (no ring)
MPRegen  0.10/turn              C - ring of protection from cold

@: non-regenerating, repel missiles
A: damage resistance, heal wounds, negative energy resistance 1, sense
surroundings 3, no regeneration
}: 3/15 runes: decaying, serpentine, abyssal
a: Heal Wounds, Minor Destruction, Lesser Servant of Makhleb, Major Destruction,
Greater Servant of Makhleb, Renounce Religion


You were on level 5 of the Depths.
You worshipped Makhleb.
Makhleb was exalted by your worship.
You visited 6 branches of the dungeon, and saw 34 of its levels.
You visited the Abyss 1 time.
You also visited: Ice Cave.

You collected 2754 gold pieces.
You spent 1057 gold pieces at shops.

Inventory:

Hand Weapons
 S - a +6 broad axe of electrocution (weapon)
Missiles
 x - a throwing net (quivered)
Armour
 c - a +4 kite shield (worn)
 e - a +2 cloak
 f - a +0 helmet (worn)
 h - a +2 pair of gloves (worn)
 j - the +2 plate armour of Restlessness {rC- Int+5 Slay+5}
   (You bought it in a shop on level 2 of the Orcish Mines)

   It affects your intelligence (+5).
   It affects your accuracy and damage with ranged weapons and melee attacks
   (+5).
   It makes you vulnerable to cold.
 r - the +0 hat of Leapfrog {rN+++ MR- Str+6 Dex+3}
   (You bought it in a shop on level 10 of the Dungeon)

   It affects your strength (+6).
   It affects your dexterity (+3).
   It renders you almost immune to negative energy.
   It affects your resistance to hostile enchantments.
 s - a +2 chain mail of fire resistance (worn)
 v - the +2 plate armour of Grottiness {Str+3 SInv}
   (You took it off an orc warrior on level 4 of the Dungeon)

   It affects your strength (+3).
   It lets you see invisible.
 B - a scarf of repulsion (worn)
 G - a +2 pair of boots (worn)
Jewellery
 k - an amulet of faith (around neck)
 C - a ring of protection from cold (right hand)
Wands
 n - a wand of polymorph (34)
 p - a wand of paralysis (6)
 w - a wand of disintegration (10)
 z - a wand of iceblast (30) {@v2}
 F - a wand of acid (9) {@v1}
 H - a wand of digging (8) {@v3}
Scrolls
 a - a scroll of holy word
 g - a scroll of identify {@r1}
 l - 5 scrolls of blinking
 o - 3 scrolls of magic mapping {@r5}
 q - 5 scrolls of teleportation {@r3}
 y - 9 scrolls of remove curse {@r2}
 J - a scroll of fear
 P - a scroll of immolation {@r4}
Potions
 b - 5 potions of lignification {@q7}
 d - 3 potions of might {@q3}
 i - 4 potions of heal wounds {@q2}
 m - a potion of resistance {@q6}
 t - 3 potions of stabbing {@q5}
 u - 2 potions of invisibility
 A - 3 potions of cancellation
 D - 4 potions of ambrosia
 E - 3 potions of mutation {unknown}
 I - 4 potions of haste {@q4}
 M - a potion of berserk rage {unknown}
 R - 2 potions of flight {unknown}
Miscellaneous
 U - a tin of tremorstones (inert)


   Skills:
 + Level 13.2 Fighting
 - Level 18.0 Axes
 + Level 15.4 Armour
 - Level 11.6 Dodging
 * Level 14.6 Shields
 + Level 17.1 Invocations
 - Level 10.0 Evocations


You had 17 spell levels left.
You didn't know any spells.
Your spell library was empty.

Dungeon Overview and Level Annotations

Branches:
Dungeon (15/15)            Temple (0/1) D:5            Lair (4/6) D:11
  Swamp (4/4) Lair:3        Snake (4/4) Lair:3          Orc (2/2) D:9
    Elf (0/3) Orc:2        Vaults (0/5) D:13         Depths (5/5) D:15
  IceCv (visited)
    Zot: Depths:5

Altars:
Ashenzari
Makhleb
Okawaru
Sif Muna
Uskayaw
Vehumet
Wu Jian
Zin
The Shining One
Beogh

Shops:
D:5 ?   D:6 *   D:9 *   D:10 *   Orc:2 *=*[

Annotations:
D:4 2 transporters
D:6 2 runed translucent doors, oblongTree's ghost, novice HaHu
D:9 2 transporters
Lair:2 exclusion: oklob plant
Lair:3 exclusion: 4 oklob plants
Depths:1 1 transporter
Depths:4 1 runed translucent door


Innate Abilities, Weirdness & Mutations

You are resistant to damage.
You can heal yourself by infusing magical energy.
You resist negative energy. (rN+)
You passively map a large area around you.
You do not regenerate.


Message History

A hell knight simulacrum comes into view.
You hit the necromancer.
Lightning courses through the necromancer!
The necromancer is moderately wounded.
You block the necromancer's attack.
You miss the necromancer.
The necromancer is moderately wounded.
You slice the necromancer!!
You kill the necromancer!
Makhleb accepts your kill.
You barely miss the hell knight simulacrum.
You slice the hell knight simulacrum!!
Lightning courses through the hell knight simulacrum!
The hell knight simulacrum vapourises!
No target in view!
No target in view!
No target in view!
No target in view!
No target in view!
No target in view!
No target in view!
No target in view!
No target in view!
No target in view!
No target in view!
No target in view!
No target in view!
No target in view!
No target in view!
No target in view!
No target in view!
No target in view!
No target in view!
No target in view!
No target in view!
No target in view!
No target in view!
No target in view!
No target in view!
No target in view!
No target in view!
No target in view!
No target in view!
No target in view!
No target in view!
No target in view!
No target in view!
No target in view!
No target in view!
No target in view!
No target in view!
No target in view!
No target in view!
No target in view!
No target in view!
No target in view!
K - a scroll of enchant weapon
As you read the scroll of enchant weapon, it crumbles to dust.
Your +5 broad axe of electrocution glows red for a moment.
You are a level 18 Deep Dwarf Fighter.
You are 78% of the way to level 19.
Play time: 00:19:22 (19414 turns)
(D) Dungeon (T) Temple (L) Lair (S) Swamp (P) Snake Pit (O) Orcish Mines (E) Elven Halls (V) Vaults (U) Depths
Where to? (Enter - Depths:5, ? - help)
There is a stone staircase leading down here.
You climb downwards.
A troll comes into view.
Found a runed hand crossbow.
Found an escape hatch in the ceiling.
There is a stone staircase leading up here.
The troll bites you! You block the troll's attack. x2
You closely miss the troll. You block the troll's attack. x2
The troll claws you.
You slash the troll!
The troll is moderately wounded.
The troll barely misses you. You block the troll's attack. x2
You hit the troll.
The troll is heavily wounded.
The troll changes into a cane toad!
You slash the cane toad!
The cane toad is severely wounded.
You block the cane toad's attack.
You barely miss the cane toad.
The cane toad is severely wounded.
You completely miss the cane toad.
The cane toad is severely wounded.
The cane toad stings you but does no damage.
You slash the cane toad!
Lightning courses through the cane toad!
You kill the cane toad!
Makhleb accepts your kill.
You feel better.
No target in view!
No target in view!
No target in view!
No target in view!
No target in view!
No target in view!
No target in view!
Are you sure you want to abandon this character and quit the game? (Confirm with "yes".)

, , , , *
#.........# *,
* ,, *
#.........# ,*
, #.........#
≈ *
***#.........#
* ,
#........)# +
, *
+.........#
**** **≈, *
#<........# ,
* *#...@.....#
, #.........#
, ,
#.....<...# ,
* ###########


There were no monsters in sight!

Vanquished Creatures
  the Lernaean hydra (Swamp:4)
  Jorgrun (Swamp:1)
  2 tentacled starspawn
  Kirke (D:14)
  3 thorn hunters
  A frost giant (Depths:4)
  A fire giant (Depths:4)
  9 nagarajas (Snake:4)
  A balrug (Abyss:2)
  The ghost of Wonupn the Nimble, a journeyman HaGl of Zin (Lair:2)
  A ghost moth (Abyss:3)
  7 very ugly things
  An entropy weaver (Abyss:3)
  A lorocyproca (Abyss:2)
  3 spark wasps (Depths:4)
  An ettin (Depths:4)
  Josephine (D:15)
  A fire dragon (Depths:4)
  An eidolon (Abyss:2)
  A blizzard demon (Abyss:2)
  A rakshasa (Abyss:2)
  18 naga warriors
  A quicksilver dragon skeleton (Abyss:2)
  A great orb of eyes (Depths:4)
  A ghost crab (Swamp:4)
  A catoblepas (Lair:3)
  13 hydras
  2 death knights
  4 shambling mangroves
  2 centaur warriors (D:14)
  A satyr (Abyss:3)
  2 dancing weapons (D:13)
  A deep troll shaman (Depths:4)
  2 anacondas
  16 two-headed ogres
  9 alligators
  A queen ant (Lair:2)
  2 thrashing horrors
  A deep troll earth mage (Depths:1)
  9 naga sharpshooters
  2 ogre magi
  6 shock serpents
  A spriggan berserker (Depths:4)
  Nergalle (Lair:2)
  4 hell knights (Depths:4)
  A golden dragon zombie (Abyss:2)
  2 sun demons (Abyss:2)
  A wretched star (Abyss:3)
  A sixfirhy (Abyss:2)
  A salamander mystic (Snake:4)
  A death drake (shapeshifter) (Abyss:2)
  An iron troll (Depths:4)
  2 spriggan druids (Swamp:2)
  3 unseen horrors
  6 naga ritualists
  2 glowing orange brains
  5 deep trolls
  17 starcursed masses
  9 swamp dragons
  2 necromancers
  5 orc knights (Orc:2)
  7 mana vipers
  2 orc sorcerers (Orc:2)
  A deep elf mage (D:13)
  25 ugly things
  11 salamanders
  A fire giant zombie (Abyss:3)
  A shadow dragon skeleton (Abyss:2)
  2 worldbinders
  3 manticores
  A stone giant skeleton (Abyss:2)
  2 cyclopes
  7 elephants (Lair:3)
  2 apocalypse crabs (Abyss:3)
  5 guardian serpents
  A torpor snail (Lair:3)
  4 centaur skeletons
  A smoke demon (Abyss:2)
  9 naga magi
  24 black mambas
  A cane toad (shapeshifter) (Depths:5)
  An orange demon (Abyss:2)
  11 cane toads
  4 gargoyles
  4 yaktaurs
  A kobold demonologist (D:13)
  2 ancient zymes (Abyss:3)
  4 freezing wraiths
  2 rime drakes (Lair:3)
  8 komodo dragons
  An ice devil (Abyss:2)
  A queen bee (Lair:3)
  5 trolls
  A polar bear (IceCv)
  8 tyrant leeches
  Grinder (D:3)
  9 hornets
  18 slime creatures
  3 bog bodies
  A dream sheep (Lair:2)
  7 blink frogs
  12 hippogriffs
  A spriggan (shapeshifter) (D:15)
  A shadow (D:15)
  A spriggan (Swamp:2)
  2 water elementals (Depths:4)
  9 wraiths
  5 wyverns
  27 yaks
  3 fire bats (Abyss:2)
  A hog (shapeshifter) (D:15)
  6 basilisks
  2 chaos spawn
  3 hogs (D:14)
  19 vampire mosquitoes
  39 nagas
  7 swamp worms
  7 wargs (Orc:2)
  5 acid dragons
  6 insubstantial wisps (Swamp:2)
  6 large abominations
  15 soldier ants
  20 water moccasins
  17 swamp drakes
  20 orc warriors
  2 porcupines
  4 sky beasts
  4 black bears
  A merfolk skeleton (Abyss:2)
  6 ice beasts
  9 ogres
  2 eyes of draining
  A phantom (D:8)
  6 small abominations
  A snapping turtle skeleton (Abyss:2)
  22 centaurs
  22 wolves
  The ghost of p0werm0de the Skirmisher, an amateur GrFi (D:4)
  A crocodile (Lair:3)
  Blork the orc (D:5)
  A big kobold (D:11)
  17 bullfrogs
  A gnoll sergeant (D:7)
  2 wyvern zombies
  An earth elemental (Abyss:3)
  4 scorpions
  38 killer bees
  8 wights
  6 howler monkeys
  2 bullfrog zombies
  3 quasits
  6 centaur zombies
  3 hounds
  3 jellies
  A bullfrog skeleton (D:13)
  9 orc priests
  13 orc wizards
  2 iguanas
  35 worker ants
  2 hell rats (Lair:3)
  A hound zombie (D:7)
  2 hound skeletons
  3 worker ant zombies
  8 adders
  3 gnolls (D:7)
  A river rat (Lair:3)
  A shadow imp (D:8)
  14 white imps
  An ufetubus (Abyss:2)
  3 dart slugs
  2 leopard geckos
  77 orcs
  3 bats
  3 giant cockroaches
  4 goblins
  3 hobgoblins
  13 jackals
  5 quokkas
  6 ball pythons
  5 frilled lizards
  6 kobolds
  A quokka skeleton (D:9)
  A quokka zombie (D:5)
  2 rats (D:1)
  A lurking horror (Abyss:3)
  3 starspawn tentacles (Abyss:2)
1048 creatures vanquished.

Vanquished Creatures (collateral kills)
  Mara (Depths:4)
  A nagaraja (Snake:4)
  A spriggan defender (Depths:4)
  2 jiangshi (Depths:4)
  A naga warrior (Snake:4)
  A hydra (Swamp:4)
  A naga sharpshooter (Snake:4)
  A naga ritualist (Snake:4)
  A flayed ghost (Depths:4)
  3 swamp dragons (Swamp:4)
  6 orc knights (Orc:2)
  A necromancer (Depths:4)
  A mana viper (Snake:3)
  A naga mage (Snake:4)
  3 yaktaurs (Depths:4)
  A hornet (Depths:4)
  A blink frog (Lair:3)
  A bog body (Swamp:3)
  A slime creature (Swamp:4)
  A hippogriff (Lair:3)
  A spriggan (Depths:4)
  6 nagas (Snake:4)
  3 wargs (Orc:2)
  A water moccasin (Swamp:1)
  12 orc warriors (Orc:2)
  An orc priest (Orc:2)
  11 orcs (Orc:2)
65 creatures vanquished.

Vanquished Creatures (others)
  An ice dragon (Depths:4)
  A vampire mage (Depths:4)
  A black mamba (Snake:2)
  A naga (Snake:4)
  5 fungi
  27 plants
  5 starspawn tentacles
41 creatures vanquished.

Grand Total: 1154 creatures vanquished

Notes
Turn   | Place    | Note
-------+----------+-------------------------------------------
     0 | D:1      | EnegeticOcto the Deep Dwarf Fighter began the quest for the
                  | Orb.
     0 | D:1      | Reached XP level 1. HP: 20/20 MP: 1/1
    56 | D:1      | Reached XP level 2. HP: 27/27 MP: 2/2
   111 | D:2      | Found a broken altar of Ashenzari.
   216 | D:2      | Reached skill level 3 in Axes
   216 | D:2      | Reached XP level 3. HP: 28/33 MP: 3/3
   245 | D:3      | Noticed Grinder
   270 | D:3      | Paralysed by Grinder for 4 turns
   280 | D:3      | Paralysed by Grinder for 3 turns
   289 | D:3      | Killed Grinder
   289 | D:3      | Reached skill level 4 in Axes
   289 | D:3      | Reached XP level 4. HP: 33/42 MP: 4/4
   289 | D:3      | Reached XP level 5. HP: 38/49 MP: 5/5
   369 | D:4      | Found a transporter.
   375 | D:4      | Found a burning altar of Makhleb.
   383 | D:4      | Became a worshipper of Makhleb the Destroyer
   446 | D:4      | Found a transporter.
   458 | D:4      | Reached XP level 6. HP: 37/56 MP: 6/6
   576 | D:4      | Reached skill level 1 in Invocations
   613 | D:4      | Reached skill level 5 in Axes
   905 | D:4      | Found a runed translucent gate.
   907 | D:4      | Found a runed translucent gate.
   907 | D:4      | Identified the +11 chain mail "Iryuciq" {Int+5}
   907 | D:4      | Noticed p0werm0de's ghost (amateur GrFi)
   909 | D:4      | Found a runed translucent gate.
   916 | D:4      | Found a roughly hewn altar of Beogh.
   918 | D:4      | Identified the +9 quarterstaff of Blood {pain, *Drain rC+
                  | Str+6}
   918 | D:4      | Identified the +2 plate armour of Grottiness {Str+3 SInv}
   918 | D:4      | Noticed an orc warrior
  1006 | D:5      | Entered Level 5 of the Dungeon
  1011 | D:5      | Noticed an ice beast
  1025 | D:5      | Killed an ice beast
  1028 | D:5      | Found a burning altar of Makhleb.
  1083 | D:5      | Found Zatzan's Magic Scroll Boutique.
  1091 | D:5      | Bought a scroll of blinking for 97 gold pieces
  1094 | D:5      | Found a staircase to the Ecumenical Temple.
  1113 | D:5      | Noticed Blork the orc
  1126 | D:5      | Killed Blork the orc
  1126 | D:5      | Reached XP level 7. HP: 51/64 MP: 8/8
  1294 | D:5      | Reached skill level 5 in Shields
  1598 | D:5      | Reached skill level 5 in Armour
  1684 | D:5      | Reached * piety under Makhleb
  2024 | D:6      | Found Gagoocwe's General Store.
  2067 | D:6      | Reached skill level 6 in Axes
  2067 | D:6      | Reached skill level 1 in Dodging
  2152 | D:6      | Reached XP level 8. HP: 63/73 MP: 10/10
  2487 | D:6      | Reached skill level 7 in Axes
  2513 | D:6      | Found a runed translucent door.
  2515 | D:6      | Noticed oblongTree's ghost (novice HaHu)
  2535 | D:6      | Found a runed translucent door.
  2933 | D:7      | Reached ** piety under Makhleb
  2980 | D:7      | Reached skill level 5 in Fighting
  3159 | D:7      | Reached skill level 5 in Invocations
  3197 | D:7      | Gained mutation: You passively map the area around you.
                  | [Deep Dwarf growth]
  3197 | D:7      | Reached XP level 9. HP: 69/81 MP: 12/12
  3246 | D:7      | Reached skill level 8 in Axes
  3333 | D:7      | Found a hide-covered altar of Uskayaw.
  3506 | D:7      | Found a glowing golden altar of the Shining One.
  3851 | D:8      | Noticed a two-headed ogre
  3856 | D:8      | Killed a two-headed ogre
  3868 | D:8      | Reached skill level 9 in Axes
  3876 | D:8      | Reached *** piety under Makhleb
  3919 | D:8      | Noticed a two-headed ogre
  3929 | D:8      | Killed a two-headed ogre
  3929 | D:8      | Reached skill level 5 in Dodging
  3929 | D:8      | Reached XP level 10. HP: 43/91 MP: 13/15
  4058 | D:8      | Found a shimmering blue altar of Sif Muna.
  4344 | D:8      | Noticed an angel
  4345 | D:8      | Found a glowing silver altar of Zin.
  4891 | D:4      | Killed p0werm0de's ghost
  4908 | D:4      | Reached skill level 10 in Axes
  5065 | D:9      | Found a radiant altar of Vehumet.
  5109 | D:9      | Found a transporter.
  5131 | D:9      | Found a transporter.
  5162 | D:9      | Reached **** piety under Makhleb
  5173 | D:9      | Noticed a two-headed ogre
  5180 | D:9      | Killed a two-headed ogre
  5189 | D:9      | Found an ornate altar of the Wu Jian Council.
  5226 | D:9      | Found a staircase to the Orcish Mines.
  5336 | D:9      | Noticed a centaur warrior
  5476 | D:9      | Found Umawes's General Store.
  5578 | D:10     | Entered Level 10 of the Dungeon
  6037 | D:10     | Found Iraboalo's Assorted Antiques.
  6040 | D:10     | Bought a scroll labeled ITUTYP CASUI for 22 gold pieces
  6040 | D:10     | Bought a scroll labeled IFOEPS FUOKET for 22 gold pieces
  6040 | D:10     | Bought a steaming hat for 198 gold pieces
  6045 | D:10     | Identified the cursed +0 hat of Leapfrog {rN+++ MR- Str+6
                  | Dex+3} (You bought it in a shop on level 10 of the Dungeon)
  6139 | D:10     | Noticed a gargoyle
  6143 | D:10     | Killed a gargoyle
  6265 | D:10     | Noticed a two-headed ogre
  6271 | D:10     | Killed a two-headed ogre
  6271 | D:10     | Reached skill level 11 in Axes
  6271 | D:10     | Reached XP level 11. HP: 78/100 MP: 16/16
  6710 | D:11     | Reached ***** piety under Makhleb
  6784 | D:11     | Noticed a brown ugly thing
  6796 | D:11     | Killed a brown ugly thing
  6815 | D:11     | Noticed an unseen horror
  6824 | D:11     | Killed an unseen horror
  6841 | D:11     | Found a staircase to the Lair.
  6872 | D:11     | Found an iron altar of Okawaru.
  7314 | D:12     | Noticed a green ugly thing
  7320 | D:12     | Killed a green ugly thing
  7361 | D:12     | You fall into a shaft and drop 2 floors!
  7370 | D:14     | Noticed a centaur warrior
  7383 | D:14     | Killed a centaur warrior
  7383 | D:14     | Reached skill level 12 in Axes
  7468 | D:14     | Noticed a death knight
  7471 | D:14     | Noticed a centaur warrior
  7481 | D:14     | Killed a centaur warrior
  7488 | D:14     | Killed a death knight
  7563 | D:14     | Noticed a four-headed hydra
  7573 | D:14     | Killed a ten-headed hydra
  7573 | D:14     | Reached skill level 10 in Invocations
  7573 | D:14     | Reached XP level 12. HP: 91/110 MP: 18/18
  7609 | D:14     | Noticed a seven-headed hydra
  7620 | D:14     | Killed an 11-headed hydra
  7643 | D:14     | Noticed a two-headed ogre
  7648 | D:14     | Killed a two-headed ogre
  7756 | D:14     | Noticed a two-headed ogre
  7761 | D:14     | Killed a two-headed ogre
  7761 | D:14     | Reached skill level 13 in Axes
  7914 | D:14     | Noticed Kirke
  7927 | D:14     | Killed Kirke
  7927 | D:14     | Reached skill level 10 in Armour
  8363 | D:13     | Reached ****** piety under Makhleb
  8473 | D:13     | Reached XP level 13. HP: 120/120 MP: 20/20
  8474 | D:13     | Found a gate to the Vaults.
  8835 | D:12     | Reached skill level 14 in Axes
  9759 | Orc:1    | Entered Level 1 of the Orcish Mines
  9759 | Orc:1    | Found a frozen archway.
  9782 | IceCv    | Entered an ice cave
  9913 | Orc:2    | Entered Level 2 of the Orcish Mines
 10058 | Orc:2    | Found a staircase to the Elven Halls.
 10177 | Orc:2    | Reached skill level 10 in Dodging
 10237 | Orc:2    | Found Mufemop's General Store.
 10237 | Orc:2    | Found Evianod's Antique Armour Boutique.
 10248 | Orc:2    | Found a roughly hewn altar of Beogh.
 10265 | Orc:2    | Found Ucryigh's General Store.
 10265 | Orc:2    | Found Afiq's Jewellery Boutique.
 10439 | Orc:2    | Bought a heavily runed plate armour for 588 gold pieces
 10449 | Orc:2    | Identified the +2 plate armour of Restlessness {rC- Int+5
                  | Slay+5} (You bought it in a shop on level 2 of the Orcish
                  | Mines)
 10701 | Orc:2    | Bought a potion of haste for 130 gold pieces
 10841 | Lair:1   | Entered Level 1 of the Lair of Beasts
 10919 | Lair:1   | Reached skill level 15 in Axes
 11272 | Lair:2   | Gained mutation: You resist negative energy. (rN+) [Deep
                  | Dwarf growth]
 11272 | Lair:2   | Reached XP level 14. HP: 130/130 MP: 20/20
 11297 | Lair:2   | Noticed Nergalle
 11309 | Lair:2   | Killed Nergalle
 11740 | Lair:2   | Found a runed translucent door.
 11742 | Lair:2   | Noticed Wonupn's ghost (journeyman HaGl)
 11999 | Lair:2   | Killed Wonupn's ghost
 12007 | Lair:2   | Got a bloodstained battleaxe
 12008 | Lair:2   | Identified the +3 battleaxe "Qurphul" {vorpal, *Drain +Inv
                  | rPois} (You found it on level 2 of the Lair of Beasts)
 12100 | Lair:3   | Reached skill level 10 in Fighting
 12342 | Lair:3   | Found a staircase to the Swamp.
 12553 | Lair:3   | Found a staircase to the Snake Pit.
 12604 | Lair:3   | Reached skill level 1 in Evocations
 12604 | Lair:3   | Reached skill level 16 in Axes
 13125 | Lair:3   | Identified a scroll of acquirement
 13125 | Lair:3   | Acquired 554 gold pieces
 13299 | D:15     | Entered Level 15 of the Dungeon
 13342 | D:15     | Noticed Josephine
 13355 | D:15     | Killed Josephine
 13576 | D:15     | Reached XP level 15. HP: 140/140 MP: 21/21
 13924 | D:15     | Found a staircase to the Depths.
 14072 | D:15     | Acquired a +2 broad axe of electrocution
 14952 | Snake:1  | Entered Level 1 of the Snake Pit
 15082 | Snake:2  | Reached skill level 5 in Evocations
 15300 | Snake:4  | Entered Level 4 of the Snake Pit
 15305 | Snake:4  | Reached skill level 17 in Axes
 15487 | Snake:4  | Noticed a nagaraja
 15487 | Snake:4  | Noticed a nagaraja
 15496 | Snake:4  | Killed a nagaraja
 15505 | Snake:4  | Killed a nagaraja
 15505 | Snake:4  | Reached XP level 16. HP: 98/150 MP: 19/19
 16009 | Snake:4  | Reached skill level 18 in Axes
 16022 | Snake:4  | Got a serpentine rune of Zot
 16260 | Swamp:1  | Entered Level 1 of the Swamp
 16263 | Swamp:1  | Noticed Jorgrun
 16290 | Swamp:1  | Killed Jorgrun
 16331 | Swamp:1  | Reached skill level 10 in Shields
 16331 | Swamp:1  | Reached skill level 15 in Invocations
 16474 | Swamp:2  | Noticed a thorn hunter
 16481 | Swamp:2  | Paralysed by a hornet for 3 turns
 16484 | Swamp:2  | Reached XP level 17. HP: 158/159 MP: 20/20
 16806 | Swamp:4  | Entered Level 4 of the Swamp
 17186 | Swamp:4  | Noticed the 27-headed Lernaean hydra
 17198 | Swamp:4  | Killed the 27-headed Lernaean hydra
 17198 | Swamp:4  | Reached skill level 10 in Evocations
 17326 | Swamp:4  | Got a decaying rune of Zot
 17755 | Depths:1 | Entered Level 1 of the Depths
 17848 | Depths:1 | Noticed an ancient lich
 17867 | Depths:1 | Found a transporter.
 17870 | Depths:1 | Found a shimmering blue altar of Sif Muna.
 17872 | Depths:1 | Noticed an ancient lich
 18112 | Depths:4 | Gained mutation: You passively map a large area around you.
                  | [Deep Dwarf growth]
 18112 | Depths:4 | Reached XP level 18. HP: 170/170 MP: 16/16
 18172 | Depths:4 | Found a runed translucent door.
 18174 | Depths:4 | Noticed a tentacled monstrosity
 18189 | Depths:4 | Noticed Mara
 18209 | Depths:4 | Noticed EnegeticOcto's illusion
 18230 | Depths:4 | Killed Mara
 18345 | Depths:4 | Cast into level 2 of the Abyss (hell knight)
 18453 | Abyss:2  | Found a corrupted altar of Lugonu.
 18591 | Abyss:2  | Reached skill level 15 in Armour
 19154 | Abyss:3  | Paralysed by accursed screaming for 1 turns
 19234 | Abyss:3  | Paralysed by you for 4 turns
 19308 | Abyss:3  | Paralysed by accursed screaming for 1 turns
 19313 | Abyss:3  | Paralysed by accursed screaming for 2 turns
 19330 | Abyss:3  | Got an abyssal rune of Zot
 19392 | Depths:4 | Escaped the Abyss
 19420 | Depths:5 | Entered Level 5 of the Depths
 19430 | Depths:5 | Quit the game

Illustrated notes

Levels and vault maps discovered:
D:1:      tarquinn_simple_flora_water_e, layout_rooms,
          nemelex_xobeh_ov_fountains_minmay
D:2:      layout_loops_corners, lemuel_round_altar, tgw_trog
D:3:      layout_loops_ring, chequers_ecumenical_altar_lobes,
          kennysheep_generic_room_12, uniq_grinder
D:4:      gammafunk_cloud_chamber, layout_loops_ring,
          biasface_ghost_orc_armoury, bloody_makhleb
D:5:      layout_basic, minmay_temple_entry_stoned_glass, basic_altar,
          serial_shops, shop, uniq_blork_the_orc
D:6:      layout_loops_corners, ebering_ghost_sewer_f, serial_shops, shop,
          chequers_mini_garden
D:7:      layout_cave_pods, lemuel_round_altar, tso_altar
D:8:      minmay_recursive_quarters, layout_loops_ring, zin_angel, tgw_sif
D:9:      gammafunk_the_bubble [the_bubble_gammafunk_split], layout_long_grid,
          vehumet_crystals, serial_shops, nicolae_shop_window_shopping,
          fountainhead, lemuel_tele_altar
D:10:     layout_loops_ring, serial_shops, kennysheep_mini
D:11:     layout_gridville, david_lair_shrubbed, basic_altar, minivault_25_ag
D:12:     layout_irregular_city
D:13:     layout_irregular_city, erik_vaults_1
D:14:     layout_stronghold, serial_rivers, chequers_serial_rivers_micro_d,
          chequers_serial_rivers_small_a, chequers_serial_rivers_micro_b,
          chequers_serial_rivers_marsh, chequers_serial_rivers_large_a,
          uniq_kirke
D:15:     gammafunk_enter_depths_forms, layout_cave_pools, chequers_arboretum,
          grunt_decor_mini_mirrors, uniq_josephine
Lair:1:   layout_small_grid, serial_bayou_shore_a
Lair:2:   layout_gridlike, serial_rivers, chequers_serial_rivers_room_b,
          chequers_serial_rivers_micro_e, chequers_serial_rivers_small_a,
          chequers_serial_rivers_micro_d, chequers_serial_rivers_micro_e,
          ebering_ghost_inner_flame, zaba_anthell, grunt_megastairs_1,
          lemuel_fruit_tree, minmay_lair_oklob_chamber, uniq_nergalle
Lair:3:   hangedman_what_comes_after_a, layout_gridlike,
          minmay_swamp_entry_worms, guppyfry_snake_entry_garden,
          nzn_random_ring, serial_bayou_shore_b
Lair:4:   layout_misc_corridors
Swamp:1:  layout_basic_swamp, infiniplex_staircase_pool,
          nicolae_swamp_snake_nest, uniq_jorgrun
Swamp:2:  layout_falls_marsh, evilmike_swamp_ruin_house_6, swamp_pool5,
          nicolae_swamp_godswood
Swamp:3:  layout_basic_swamp, evilmike_swamp_ruin_rubble_2, uniq_roxanne
Swamp:4:  swamp_old_school, layout_basic_swamp, swamp_pool4
Snake:1:  layout_layer_cave, st_stairs_10
Snake:2:  layout_cave_town
Snake:3:  layout_misc_corridors, nrook_guardian_serpent_ordinary
Snake:4:  grunt_snake_rune_spirals, layout_onion_interference
Orc:1:    layout_caves, portal_ice_cave_entry_imps, uniq_sonja
Orc:2:    st_orc_town, layout_diamond_mine
Depths:1: gammafunk_sealed_library, layout_small_grid, enter_ziggurat_d,
          abyss_entry, hell_entry, st_stairs_12, minmay_misc_feat_roman,
          minmay_acid_items
Depths:2: due_chaos_kobolds, layout_gridlike, minmay_misc_feat_room,
          hangedman_coc_ice_floe, rand_demon_pan_entry_5,
          chequers_serial_rivers_small_b, dk_noncrumbling_3, st_stairs_4,
          infiniplex_staircase_split_hallway
Depths:3: grunt_profane_halls [grunt_profane_temple_coc,
          grunt_profane_temple_geh, grunt_profane_temple_dis,
          grunt_profane_temple_tar, grunt_profane_loot], pan_entry,
          serial_shops, hell_entry
Depths:4: minmay_the_grid_four_pointed_star
          [minmay_the_grid_triangle_9x9_swiss_cheese,
          minmay_the_grid_triangle_9x9_tough_junction,
          minmay_the_grid_triangle_9x9_steps,
          minmay_the_grid_triangle_9x9_fully_insulated_deathbox,
          minmay_the_grid_prize_diamond_cup], layout_cave_pools,
          rand_demon_pan_entry_1, abyss_entry_flame_altar,
          minmay_misc_feat_four_crosses, hell_entry, kennysheep_generic_room_3,
          uniq_mara
Depths:5: grunt_x_marks_the_spot, layout_gridlike,
          hangedman_decor_clover_reticule, hell_entry, minmay_room_of_horrors

Skill      XL: |  1  2  3  4  5  6  7  8  9 10 11 12 13 14 15 16 17 18 |
---------------+-------------------------------------------------------+-----
Axes           | 3 4 5 6 7 9 11 12 13 15 16 17 18 | 18.0
Fighting       | 3 4 5 6 7 8 9 10 11 12 13 | 13.2
Armour         | 4 5 6 7 8 9 10 11 12 13 14 15 | 15.4
Shields        | 4 5 7 10 12 14 | 14.6
Invocations    | 2 3 5 6 8 10 11 12 13 14 15 16 17 | 17.1
Dodging        | 2 3 5 6 8 9 10 11 | 11.6
Evocations     | 3 6 8 10 | 10.0

Action                   |  1- 3 |  4- 6 |  7- 9 | 10-12 | 13-15 | 16-18 || total
-------------------------+-------+-------+-------+-------+-------+-------++-------
Melee: War axe           |    55 |    99 |       |       |       |       ||   154
       Battleaxe         |       |       |   241 |   479 |   809 |       ||  1529
       Broad axe         |       |       |       |       |   257 |  1254 ||  1511
       Unarmed           |       |       |       |       |       |     7 ||     7
Invok: Lesser Servant of |       |       |       |       |    15 |    11 ||    26
       Greater Servant o |       |       |       |       |     1 |    10 ||    11
 Abil: Heal Wounds       |     3 |     1 |     4 |     8 |    28 |    59 ||   103
Evoke: Tin of tremorston |       |       |       |       |       |    12 ||    12
       Wand              |       |       |       |       |       |     3 ||     3
  Use: Scroll            |       |       |       |    15 |    18 |     6 ||    39
       Potion            |       |       |       |       |       |     5 ||     5
 Stab: Distracted        |       |       |       |       |     2 |     6 ||     8
       Confused          |       |       |       |       |       |     2 ||     2
Armor: Scale mail        |    29 |    11 |       |       |       |       ||    40
       Plate armour      |       |    59 |   237 |   428 |   671 |   181 ||  1576
       Swamp dragon scal |       |       |       |       |       |   459 ||   459
       Chain mail        |       |       |       |       |       |   224 ||   224
       Skin              |       |       |       |       |       |     5 ||     5
Dodge: Dodged            |    23 |    14 |   116 |   493 |   894 |   911 ||  2451
       Repelled          |       |       |       |       |       |     3 ||     3
Block: Kite shield       |    26 |    44 |       |       |   277 |  1296 ||  1643

Table legend: (Time is in decaauts)
 A = Elapsed time spent in this place.
 B = Non-inter-level travel time spent in this place.
 C = Inter-level travel time spent in this place.
 D = Time resting spent in this place.
 E = Time spent auto-exploring this place.
 F = Levels seen in this place.
 G = Mean time per level.
                   A        B        C        D        E       F      G
               +--------+--------+--------+--------+--------+-----+--------+
         Total |  19364 |  16689 |   2675 |     20 |  11117 |  37 |  523.4 |
       Dungeon |  11317 |   9748 |   1569 |     20 |   7443 |  15 |  754.5 |
          Lair |   3217 |   2790 |    427 |      0 |   2124 |   4 |  804.2 |
         Swamp |   1152 |    974 |    178 |      0 |    290 |   4 |  288.0 |
     Snake Pit |   1178 |    855 |    323 |      0 |    154 |   4 |  294.5 |
  Orcish Mines |    928 |    789 |    139 |      0 |    479 |   2 |  464.0 |
        Depths |    561 |    525 |     36 |      0 |    163 |   5 |  112.2 |
         Abyss |    957 |    957 |      0 |      0 |    444 |   2 |  478.5 |
      Ice Cave |     50 |     50 |      0 |      0 |     18 |   1 |   50.0 |
               +--------+--------+--------+--------+--------+-----+--------+

Top non-repeatable levels by time:
  Lair:3: 1206 daAuts
  Lair:2: 1096 daAuts
     D:5: 1078 daAuts
     D:8: 1043 daAuts
     D:7: 1022 daAuts
     D:6: 957 daAuts
     D:9: 951 daAuts
    D:12: 898 daAuts
    D:11: 877 daAuts
    D:14: 876 daAuts
     D:4: 862 daAuts
    D:15: 849 daAuts
   Orc:2: 822 daAuts
    D:13: 774 daAuts
    D:10: 754 daAuts
